NYP
CONNECTICUT TIGERS @ LOS ANGELES (NYP) ANGELS
04/24/2048
 
TOP OF THE 1ST
Connecticut Tigers batting - Pitching for Los Angeles (NYP) Angels : LHP Si-hun Yi
Pitching: LHP Si-hun Yi
Batting: SHB Ryohei Nakano 0-0: Swinging Strike
0-1: Swinging Strike
0-2: Ball
1-2: Ball
2-2: Ground out 2-3 (Groundball, 15S, EV 68.8 MPH)
Batting: RHB Jaden Warrior 0-0: Foul Ball, location: 2F
0-1: Ball
1-1: Ball
2-1: Foul Ball, location: 2F
2-2: Ball
3-2: Base on Balls
Batting: RHB Zack DiCicco 0-0: Ball
1-0: Ball
2-0: Foul Ball, location: 2F
2-1: Ball
3-1: Called Strike
3-2: Base on Balls
Jaden Warrior to second
Batting: RHB Tony Nunez 0-0: Called Strike
0-1: Foul Ball, location: 2F
0-2: Ball
1-2: Ball
2-2: Strikes out looking
Batting: RHB Khalil Coleman 0-0: Ball
1-0: Ball
Wild Pitch!
Jaden Warrior to third
Zack DiCicco to second
2-0: SINGLE (Groundball, 5D, EV 95.0 MPH)
Jaden Warrior scores
Zack DiCicco to third
Runner from 3rd tries for Home, throw by LF and OUT! 7-2
Top of the 1st over - 1 run, 1 hit, 0 errors, 1 left on base; Connecticut 1 - Los Angeles (NYP) 0
BOTTOM OF THE 1ST
Los Angeles (NYP) Angels batting - Pitching for Connecticut Tigers : RHP Rick Young
Pitching: RHP Rick Young
Batting: RHB Dan Myers 0-0: Ball
1-0: Ball
2-0: Swinging Strike
2-1: Ground out U3 (Groundball, 34S, EV 86.9 MPH)
Batting: RHB Rory Cobb 0-0: Ball
1-0: Called Strike
1-1: Ball
2-1: Called Strike
2-2: Ball
3-2: Foul Ball, location: 2F
3-2: Base on Balls
Batting: RHB Kyle Gray 0-0: Ball
1-0: Swinging Strike
1-1: Ball
2-1: Foul Ball, location: 2F
2-2: Ball
3-2: Fielders Choice at 2nd, 6-4 (Groundball, 6MD, EV 88.1 MPH)
Batting: SHB Danny Gelinas 0-0: Ball
1-0: Foul Ball, location: 2F
1-1: Foul Ball, location: 2F
1-2: Ball
2-2: SINGLE (Line Drive, 6MD, EV 108.1 MPH)
Kyle Gray to second
Runner from 2nd tries for 3rd, SAFE, throw by CF made to third
Batting: RHB Dan Burkhart 0-0: Called Strike
0-1: Ball
1-1: Ball
2-1: Swinging Strike
2-2: Strikes out looking
Bottom of the 1st over - 0 runs, 1 hit, 0 errors, 2 left on base; Connecticut 1 - Los Angeles (NYP) 0
TOP OF THE 2ND
Connecticut Tigers batting - Pitching for Los Angeles (NYP) Angels : LHP Si-hun Yi
Batting: LHB Antonio Luis 0-0: Ball
1-0: Called Strike
1-1: Ball
2-1: DOUBLE (Groundball, 3L, EV 104.4 MPH)
Batting: RHB Jordan Hall 0-0: Called Strike
0-1: Ball
1-1: Called Strike
1-2: Foul Ball, location: 2F
1-2: Ball
2-2: Strikes out swinging
Batting: RHB Kaleb Yerger 0-0: Ball
1-0: Ball
2-0: Foul Ball, location: 2F
2-1: Foul Ball, location: 2F
2-2: Ball
3-2: Ground out 4-3 (Groundball, 4S, EV 92.5 MPH)
Antonio Luis to third
Batting: RHB Jonathan Ridgely 0-0: Swinging Strike
0-1: Foul Ball, location: 2F
0-2: Foul Ball, location: 2F
0-2: Ball
Wild Pitch!
Antonio Luis scores
1-2: Strikes out swinging
Top of the 2nd over - 1 run, 1 hit, 0 errors, 0 left on base; Connecticut 2 - Los Angeles (NYP) 0
BOTTOM OF THE 2ND
Los Angeles (NYP) Angels batting - Pitching for Connecticut Tigers : RHP Rick Young
Batting: LHB Spencer Palmer 0-0: Foul Ball, location: 2F
0-1: Swinging Strike
0-2: Strikes out swinging
Batting: RHB David Rhodes 0-0: Ball
1-0: Swinging Strike
1-1: Swinging Strike
1-2: Ball
2-2: Ball
3-2: Foul Ball, location: 2F
3-2: Strikes out swinging
Batting: RHB Sean Rocha 0-0: Ball
1-0: Ball
2-0: TRIPLE (Flyball, 8RXD, EV 88.8 MPH)
Batting: LHB Jamie Diebel 0-0: Ball
1-0: Fly out, F6 (Line Drive, 56, EV 67.5 MPH)
Bottom of the 2nd over - 0 runs, 1 hit, 0 errors, 1 left on base; Connecticut 2 - Los Angeles (NYP) 0
TOP OF THE 3RD
Connecticut Tigers batting - Pitching for Los Angeles (NYP) Angels : LHP Si-hun Yi
Batting: SHB Ryohei Nakano 0-0: Fly out, F7 (Flyball, 78S, EV 86.2 MPH)
Batting: RHB Jaden Warrior 0-0: Ground out 6-3 (Groundball, 6S, EV 68.8 MPH)
Batting: RHB Zack DiCicco 0-0: TRIPLE (Flyball, 89XD, EV 111.2 MPH)
Batting: RHB Tony Nunez 0-0: Ball
1-0: Foul Ball, location: 2F
1-1: Swinging Strike
1-2: Ball
2-2: Foul Ball, location: 2F
2-2: Ball
3-2: SINGLE (Line Drive, 4M, EV 95.0 MPH)
Zack DiCicco scores
Batting: RHB Khalil Coleman 0-0: Foul Ball, location: 2F
0-1: Foul Ball, location: 2F
0-2: Ball
1-2: Ball
2-2: Strikes out looking
Top of the 3rd over - 1 run, 2 hits, 0 errors, 1 left on base; Connecticut 3 - Los Angeles (NYP) 0
BOTTOM OF THE 3RD
Los Angeles (NYP) Angels batting - Pitching for Connecticut Tigers : RHP Rick Young
Batting: RHB Dan Myers 0-0: Ball
1-0: Foul Ball, location: 2F
1-1: Ball
2-1: TRIPLE (Flyball, 89XD, EV 89.4 MPH)
Batting: RHB Rory Cobb 0-0: Called Strike
0-1: Foul Ball, location: 2F
0-2: Strikes out swinging
Batting: RHB Kyle Gray 0-0: Called Strike
0-1: Called Strike
0-2: Foul Ball, location: 2F
0-2: Foul Ball, location: 2F
0-2: SINGLE (Groundball, 34D, EV 108.8 MPH)
Dan Myers scores
Batting: SHB Danny Gelinas 0-0: Ball
1-0: Fielders Choice at 2nd, 4-6 (Groundball, 4, EV 83.1 MPH)
Batting: RHB Dan Burkhart 0-0: Foul Ball, location: 2F
0-1: Ball
1-1: Foul Ball, location: 2F
1-2: SINGLE (Groundball, 4MD, EV 96.9 MPH)
Danny Gelinas to second
Batting: LHB Spencer Palmer 0-0: Foul Ball, location: 2F
0-1: Foul Ball, location: 2F
0-2: Foul Ball, location: 2F
0-2: Ball
1-2: Ball
Wild Pitch!
Danny Gelinas to third
Dan Burkhart to second
2-2: Foul Ball, location: 2F
2-2: Foul Ball, location: 2F
2-2: Ball
3-2: Fly out, F9 (Flyball, 9S, EV 88.8 MPH)
Bottom of the 3rd over - 1 run, 3 hits, 0 errors, 2 left on base; Connecticut 3 - Los Angeles (NYP) 1
TOP OF THE 4TH
Connecticut Tigers batting - Pitching for Los Angeles (NYP) Angels : LHP Si-hun Yi
Batting: LHB Antonio Luis 0-0: Ground out U3 (Groundball, 34, EV 106.9 MPH)
Batting: RHB Jordan Hall 0-0: Called Strike
0-1: Called Strike
0-2: Strikes out swinging
Batting: RHB Kaleb Yerger 0-0: Called Strike
0-1: Ball
1-1: Called Strike
1-2: Strikes out swinging
Top of the 4th over - 0 runs, 0 hits, 0 errors, 0 left on base; Connecticut 3 - Los Angeles (NYP) 1
BOTTOM OF THE 4TH
Los Angeles (NYP) Angels batting - Pitching for Connecticut Tigers : RHP Rick Young
Batting: RHB David Rhodes 0-0: Called Strike
0-1: Ground out 6-3 (Groundball, 6, EV 109.4 MPH)
Batting: RHB Sean Rocha 0-0: Called Strike
0-1: Called Strike
0-2: Ball
1-2: Ball
2-2: Ball
3-2: Strikes out looking
Batting: LHB Jamie Diebel 0-0: Swinging Strike
0-1: Foul Ball, location: 2F
0-2: Ground out U3 (Groundball, 3, EV 83.8 MPH)
Bottom of the 4th over - 0 runs, 0 hits, 0 errors, 0 left on base; Connecticut 3 - Los Angeles (NYP) 1
TOP OF THE 5TH
Connecticut Tigers batting - Pitching for Los Angeles (NYP) Angels : LHP Si-hun Yi
Batting: RHB Jonathan Ridgely 0-0: Called Strike
0-1: Ball
1-1: Foul Ball, location: 2F
1-2: Foul Ball, location: 2F
1-2: Ball
2-2: Strikes out swinging
Pitching: LHP Paul Griffin
Batting: SHB Ryohei Nakano 0-0: Foul Ball, location: 2F
0-1: Swinging Strike
0-2: Foul Ball, location: 2F
0-2: Strikes out swinging
Batting: RHB Jaden Warrior 0-0: Swinging Strike
0-1: Fly out, F9 (Flyball, 89M, EV 92.5 MPH)
Top of the 5th over - 0 runs, 0 hits, 0 errors, 0 left on base; Connecticut 3 - Los Angeles (NYP) 1
BOTTOM OF THE 5TH
Los Angeles (NYP) Angels batting - Pitching for Connecticut Tigers : RHP Rick Young
Batting: RHB Dan Myers 0-0: Called Strike
0-1: Swinging Strike
0-2: Ball
1-2: Strikes out looking
Batting: RHB Rory Cobb 0-0: Called Strike
0-1: Called Strike
0-2: Ball
1-2: Foul Ball, location: 2F
1-2: Fly out, F8 (Line Drive, 89M, EV 94.4 MPH)
Pitching: RHP Juan Murillo
Batting: RHB Kyle Gray 0-0: Called Strike
0-1: Called Strike
0-2: Ball
1-2: Ball
2-2: Strikes out swinging
Bottom of the 5th over - 0 runs, 0 hits, 0 errors, 0 left on base; Connecticut 3 - Los Angeles (NYP) 1
TOP OF THE 6TH
Connecticut Tigers batting - Pitching for Los Angeles (NYP) Angels : LHP Paul Griffin
Batting: RHB Zack DiCicco 0-0: Foul Ball, location: 2F
0-1: Called Strike
0-2: Strikes out looking
Batting: RHB Tony Nunez 0-0: Ball
1-0: Ball
2-0: Foul Ball, location: 2F
2-1: Foul Ball, location: 2F
2-2: Ball
3-2: Base on Balls
Batting: RHB Khalil Coleman 0-0: Called Strike
0-1: Swinging Strike
0-2: Ball
1-2: Ball
2-2: Ball
3-2: Grounds into double play, 6-4-3 (Groundball, 6, EV 89.4 MPH)
Top of the 6th over - 0 runs, 0 hits, 0 errors, 0 left on base; Connecticut 3 - Los Angeles (NYP) 1
BOTTOM OF THE 6TH
Los Angeles (NYP) Angels batting - Pitching for Connecticut Tigers : RHP Juan Murillo
Batting: SHB Danny Gelinas 0-0: Ball
1-0: Ball
2-0: Ball
3-0: Called Strike
3-1: Foul Ball, location: 2F
3-2: Base on Balls
Batting: RHB Dan Burkhart 0-0: Fly out, F7 (Flyball, 7, EV 80.0 MPH)
Batting: LHB Spencer Palmer 0-0: Ball
1-0: Swinging Strike
1-1: Called Strike
1-2: Ball
2-2: Ball
3-2: Strikes out looking
Batting: RHB David Rhodes 0-0: Ball
1-0: Called Strike
1-1: Foul Ball, location: 2F
1-2: Foul Ball, location: 2F
1-2: Strikes out swinging
Bottom of the 6th over - 0 runs, 0 hits, 0 errors, 1 left on base; Connecticut 3 - Los Angeles (NYP) 1
TOP OF THE 7TH
Connecticut Tigers batting - Pitching for Los Angeles (NYP) Angels : LHP Paul Griffin
Batting: LHB Antonio Luis 0-0: Called Strike
0-1: Ball
1-1: Ball
2-1: Foul Ball, location: 2F
2-2: Strikes out swinging
Batting: RHB Jordan Hall 0-0: Called Strike
0-1: Foul Ball, location: 2F
0-2: Ball
1-2: Ball
2-2: Strikes out looking
Batting: RHB Kaleb Yerger 0-0: Called Strike
0-1: Foul Ball, location: 2F
0-2: SINGLE (Groundball, 6, EV 95.0 MPH)
Pitching: RHP Javier Carrasco
Batting: RHB Jonathan Ridgely 0-0: Ball
1-0: Ball
2-0: Ball
3-0: Base on Balls
Kaleb Yerger to second
Batting: SHB Ryohei Nakano 0-0: Ball
1-0: Ball
2-0: Ball
3-0: Called Strike
3-1: Called Strike
3-2: Base on Balls
Kaleb Yerger to third
Jonathan Ridgely to second
Batting: RHB Jaden Warrior 0-0: Swinging Strike
0-1: Ball
1-1: Called Strike
1-2: Foul Ball, location: 2F
1-2: Ball
2-2: Ball
3-2: Ground out 6-3 (Groundball, 6M, EV 91.2 MPH)
Top of the 7th over - 0 runs, 1 hit, 0 errors, 3 left on base; Connecticut 3 - Los Angeles (NYP) 1
BOTTOM OF THE 7TH
Los Angeles (NYP) Angels batting - Pitching for Connecticut Tigers : RHP Juan Murillo
Now at 1B: Tony Nunez
Now at 3B: Zach Rose
Now in LF: Billy Verdusco
Now in RF: Antonio Luis
Batting: RHB Sean Rocha 0-0: Called Strike
0-1: Foul Ball, location: 2F
0-2: Fly out, F6 (Popup, 4MS, EV 66.9 MPH)
Batting: LHB Jamie Diebel 0-0: Ball
1-0: Ball
2-0: Ground out 6-3 (Groundball, 6, EV 85.0 MPH)
Batting: RHB Dan Myers 0-0: Swinging Strike
0-1: Swinging Strike
0-2: Ball
1-2: Foul Ball, location: 2F
1-2: Ball
2-2: Foul Ball, location: 2F
2-2: Ball
3-2: TRIPLE (Line Drive, 89XD, EV 106.9 MPH)
Pitching: RHP Larry Mathieu
Batting: RHB Rory Cobb 0-0: Ground out 4-3 (Groundball, 4, EV 95.0 MPH)
Bottom of the 7th over - 0 runs, 1 hit, 0 errors, 1 left on base; Connecticut 3 - Los Angeles (NYP) 1
TOP OF THE 8TH
Connecticut Tigers batting - Pitching for Los Angeles (NYP) Angels : RHP Javier Carrasco
Pitching: RHP Kunihiro Sasaki
Batting: RHB Zack DiCicco 0-0: Called Strike
0-1: Called Strike
0-2: Strikes out swinging
Batting: RHB Tony Nunez 0-0: Foul Ball, location: 2F
0-1: Ball
1-1: Ball
2-1: Ball
3-1: Base on Balls
Batting: RHB Khalil Coleman 0-0: Ball
1-0: Ball
2-0: Ball
3-0: Called Strike
3-1: Called Strike
3-2: Base on Balls
Tony Nunez to second
Batting: LHB Antonio Luis 0-0: Ball
1-0: Foul Ball, location: 2F
1-1: Ball
2-1: Swinging Strike
2-2: Ball
3-2: Foul Ball, location: 2F
3-2: Foul Ball, location: 2F
3-2: Foul Ball, location: 2F
3-2: Foul Ball, location: 2F
3-2: Base on Balls
Tony Nunez to third
Khalil Coleman to second
Batting: RHB Billy Verdusco 0-0: Swinging Strike
0-1: Foul Ball, location: 2F
0-2: Ball
Wild Pitch!
Tony Nunez scores
Khalil Coleman to third
Antonio Luis to second
1-2: Ball
2-2: Foul Ball, location: 2F
2-2: Strikes out swinging
Pitching: RHP Jerry Romero
Batting: RHB Kaleb Yerger 0-0: Called Strike
0-1: Ball
1-1: Foul Ball, location: 2F
1-2: Ball
2-2: Ground out 5-3 (Groundball, 56, EV 86.9 MPH)
Top of the 8th over - 1 run, 0 hits, 0 errors, 2 left on base; Connecticut 4 - Los Angeles (NYP) 1
BOTTOM OF THE 8TH
Los Angeles (NYP) Angels batting - Pitching for Connecticut Tigers : RHP Larry Mathieu
Pitching: LHP Victor Villarreal
Batting: RHB Kyle Gray 0-0: Swinging Strike
0-1: Ground out 4-3 (Groundball, 4, EV 81.2 MPH)
Batting: SHB Danny Gelinas 0-0: Ball
1-0: Called Strike
1-1: Called Strike
1-2: Foul Ball, location: 2F
1-2: Ball
2-2: Foul Ball, location: 2F
2-2: Ground out 6-3 (Groundball, 6, EV 85.6 MPH)
Batting: RHB Dan Burkhart 0-0: Ball
1-0: Swinging Strike
1-1: Ball
2-1: Foul Ball, location: 2F
2-2: Strikes out looking
Bottom of the 8th over - 0 runs, 0 hits, 0 errors, 0 left on base; Connecticut 4 - Los Angeles (NYP) 1
TOP OF THE 9TH
Connecticut Tigers batting - Pitching for Los Angeles (NYP) Angels : RHP Jerry Romero
Pitching: RHP Matt Doherty
Pinch Hitting: LHB Nick Swank 0-0: Ball
1-0: Ball
2-0: Ball
3-0: Called Strike
3-1: Foul Ball, location: 2F
3-2: DOUBLE (Line Drive, 3D, EV 107.5 MPH)
Batting: SHB Ryohei Nakano 0-0: Called Strike
0-1: Called Strike
0-2: Ball
1-2: Strikes out looking
Batting: LHB Zach Rose 0-0: Ball
1-0: Reached on error, E3 (Groundball, 34, EV 96.9 MPH)
Nick Swank to third
Batting: RHB Zack DiCicco 0-0: Ball
1-0: Ball
2-0: Fly out, F8 (Flyball, 8RD, EV 92.5 MPH)
Batting: RHB Tony Nunez 0-0: Ball
1-0: Foul Ball, location: 2F
1-1: Called Strike
1-2: Ball
2-2: Ball
3-2: Base on Balls
Zach Rose to second
Batting: RHB Khalil Coleman 0-0: Ball
1-0: Ball
2-0: Foul Ball, location: 2F
2-1: Swinging Strike
2-2: Ball
3-2: Base on Balls
Nick Swank scores
Zach Rose to third
Tony Nunez to second
Batting: LHB Antonio Luis 0-0: Swinging Strike
0-1: Ball
1-1: Called Strike
1-2: Ball
2-2: Strikes out looking
Top of the 9th over - 1 run, 1 hit, 1 error, 3 left on base; Connecticut 5 - Los Angeles (NYP) 1
BOTTOM OF THE 9TH
Los Angeles (NYP) Angels batting - Pitching for Connecticut Tigers : LHP Victor Villarreal
Now at C: Nick Swank
Batting: LHB Spencer Palmer 0-0: SINGLE (Line Drive, 56, EV 98.8 MPH)
Batting: RHB David Rhodes 0-0: Ball
1-0: Foul Ball, location: 2F
1-1: Ball
2-1: Grounds into double play, 6-4-3 (Groundball, 56, EV 105.0 MPH)
Batting: RHB Sean Rocha 0-0: Ball
1-0: Swinging Strike
1-1: Foul Ball, location: 2F
1-2: Foul Ball, location: 2F
1-2: Ball
2-2: Ball
3-2: Strikes out swinging
Bottom of the 9th over - 0 runs, 1 hit, 0 errors, 0 left on base; Connecticut 5 - Los Angeles (NYP) 1
Tuesday, March 28th , 2023 - OOTP Baseball 23.10 Build 110